 Dungeon Crawl Stone Soup version 0.31-a0-198-g2ad674f65e (webtiles) character file.

Game seed: 15993204484065769529

1140 qw the Skirmisher (level 8, -3/46 HPs)
             Began as a Deep Elf Hunter on June 25, 2023.
             Was an Initiate of Okawaru.
             Killed from afar by an orc wizard (4 damage)
             ... with a magic dart
             ... on level 5 of the Dungeon.
             The game lasted 00:02:12 (5390 turns).

qw the Skirmisher (Deep Elf Hunter)                 Turns: 5390, Time: 00:02:12

Health: -3/46      AC:  7    Str: 10    XL:     8   Next: 14%
Magic:  10/10      EV: 12    Int: 15    God:    Okawaru [......]
Gold:   241        SH:  0    Dex: 18    Spells: 7/7 levels left

rFire   + . .        Y - +0 shortbow (flame)
rCold   . . .        (shield currently unavailable)
rNeg    . . .        g - +0 ring mail
rPois   +            (no helmet)
rElec   .            (no cloak)
rCorr   .            k - +1 pair of gloves
SInv    .            (no boots)
Will    .....        l - amulet of the acrobat
Stlth   +            e - ring of protection from fire
HPRegen 0.27/turn    c - ring of poison resistance
MPRegen 0.12/turn

%: acrobat
@: no status effects
A: no striking features
a: Renounce Religion


You were on level 5 of the Dungeon.
You worshipped Okawaru.
Okawaru was noncommittal.
You visited 1 branch of the dungeon, and saw 6 of its levels.
You also visited: Sewer and Ossuary.

You collected 241 gold pieces.


   Skills:
 - Level 3.2 Fighting
 - Level 12.0 Ranged Weapons
 - Level 1.2 Armour
 + Level 3.9 Dodging
 - Level 1.2 Stealth
 - Level 0.6 Invocations


You had 7 spell levels left.
You didn't know any spells.
Your spell library was empty.

Inventory:

Hand Weapons
 Y - a +0 shortbow of flaming (weapon)
Armour
 g - a +0 ring mail (worn)
 k - a +1 pair of gloves (worn)
Jewellery
 c - a ring of poison resistance (right hand)
 e - a ring of protection from fire (left hand)
 l - an amulet of the acrobat (around neck)
 m - a ring of resist corrosion
Scrolls
 f - a scroll of identify
Potions
 a - 2 potions of might
 b - a potion of curing
 h - 3 potions of haste
 i - a potion of mutation
 j - a potion of lignification {unknown}
 o - a potion of magic {unknown}

Dungeon Overview and Level Annotations

Branches:
Dungeon (6/15)              Sewer (visited)         Ossuary (visited)
 Temple: D:4-7

Altars:
Ashenzari
Fedhas
Okawaru
Ru

Annotations:
D:5 1 runed translucent door, Crazy Yiuf


Message History

The wight hits you but does no damage. The orc warrior closely misses you.
Something hits you.
Deactivating autopickup; reactivate with Ctrl-A.
You shoot an arrow. The arrow hits the wight!
The arrow burns the wight.
The wight is almost destroyed.
The wight hits you with a +0 scimitar!
The orc warrior hits you with a +0 short sword!
Something hits you.
You shoot an arrow. The arrow hits the wight.
The arrow burns the wight.
You destroy the wight!
Okawaru accepts your kill.
The orc warrior hits you with a +0 short sword.
Something hits you but does no damage.
You shoot an arrow.
The arrow hits the orc warrior but does no damage.
The orc warrior closely misses you. Something hits you but does no damage.
You shoot an arrow. The arrow hits the orc warrior.
The arrow burns the orc warrior.
The orc warrior is lightly wounded.
You shoot an arrow.
The arrow closely misses the orc warrior.
The orc warrior misses you. Something hits you but does no damage.
You shoot an arrow. The arrow hits the orc warrior.
The arrow burns the orc warrior.
The orc warrior is moderately wounded.
The orc warrior hits you but does no damage.
Something hits you but does no damage.
You shoot an arrow.
The arrow hits the orc warrior but does no damage.
The orc warrior is moderately wounded.
The orc warrior hits you with a +0 short sword.
Something hits you.
You shoot an arrow.
The arrow hits the orc warrior but does no damage.
The orc warrior is moderately wounded.
The orc warrior hits you with a +0 short sword.
You hear some strange, mumbled words.
A magic dart appears from out of thin air!
The magic dart hits you.
You die...

#........# #................###
#..##.##.#####...#####.........##
#..##.##.......................##
#..##............................
#..#####........?.............###
#....)...#####...#####.#......# #
#.############................# #
#....#########..o############.#
#....#########.{@# #.#
##...####......)[# ##########.###
....#####.######## #.......#.....
....#####.######## #.#####.#..##.
....#####.##########.#####.#.....
....#####.#####.........##.####..
...####............#.##<##.# #...
...####.#...#...#..#.......# 7...
#######.###.....#.#####.#### 7...


You could see an orc warrior.

Vanquished Creatures
  A black bear (D:4)
  An ogre (D:3)
  A kobold brigand (Sewer)
  A water moccasin zombie (Ossuary)
  2 scorpions (D:4)
  4 wights
  An orc priest (D:4)
  3 hounds
  An iguana (D:5)
  An orc wizard (D:4)
  2 mummies (Ossuary)
  9 adders
  5 river rats (Sewer)
  2 white imps (D:5)
  An ufetubus (D:4)
  9 adder zombies (Ossuary)
  2 worms (D:2)
  2 dart slugs
  4 orcs
  5 bats
  7 endoplasms
  4 giant cockroaches
  4 gnoll zombies (Ossuary)
  10 goblins
  7 hobgoblins
  4 jackals (D:1)
  16 kobolds
  3 quokkas
  16 ball pythons
  10 frilled lizards
  5 hobgoblin zombies (Ossuary)
  4 kobold zombies (Ossuary)
  5 orc zombies (Ossuary)
  20 rats
172 creatures vanquished.

Notes
Turn   | Place    | Note
-------+----------+-------------------------------------------
     0 | D:1      | qw the Deep Elf Hunter began the quest for the Orb.
     0 | D:1      | Reached XP level 1. HP: 12/12 MP: 3/3
     0 | D:1      | 0 ||| qw: Version: 0.3-a-22-g0ed2b0b
     0 | D:1      | 0 ||| qw: Game counter: 5190
     0 | D:1      | 0 ||| qw: Melee chars always use a shield: true
     0 | D:1      | 0 ||| qw: God list: Okawaru
     0 | D:1      | 0 ||| qw: Allow faded altars: false
     0 | D:1      | 0 ||| qw: Do Orc after clearing Dungeon:15 true
     0 | D:1      | 0 ||| qw: Do second Lair branch before Depths: true
     0 | D:1      | 0 ||| qw: Lair rune preference: random
     0 | D:1      | 0 ||| qw: Goals: Normal
     0 | D:1      | 0 ||| PLANNING D:1-11
   116 | D:1      | Reached XP level 2. HP: 16/16 MP: 4/4
   123 | D:1      | Reached skill level 6 in Ranged Weapons
   693 | D:1      | Found a faded altar of an unknown god.
   708 | D:1      | 708 ||| UPGRADING to +0 ring mail.
   718 | D:1      | 718 ||| DROPPING +0 leather armour.
   719 | D:1      | 719 ||| UPGRADING to +0 pair of gloves.
   724 | D:1      | 724 ||| UPGRADING to ring of protection from fire.
   725 | D:1      | 725 ||| READING scroll labelled EWKAR HA COV.
   726 | D:1      | 726 ||| READING scroll labelled QOTI OSUSS.
   727 | D:1      | 727 ||| READING scroll labelled QIHAD QICKEU.
   828 | D:1      | 828 ||| READING scroll labelled HEITAI MERU.
   829 | D:1      | 829 ||| READING scroll labelled SAUSCH IKLIATOT.
   830 | D:1      | 830 ||| DROPPING scroll of butterflies.
   942 | D:2      | Reached XP level 3. HP: 20/20 MP: 5/5
  1239 | D:2      | Reached skill level 7 in Ranged Weapons
  1659 | D:2      | 1659 ||| READING 3 scrolls labelled BEG OLOL GAAX.
  1660 | D:2      | 1660 ||| READING scroll labelled NAJU GECOARHE.
  1660 | D:2      | Identified a scroll of acquirement
  1660 | D:2      | 1660 ||| ACQUIRING ring of poison resistance
  1660 | D:2      | Acquired a ring of poison resistance
  1662 | D:2      | 1662 ||| UPGRADING to ring of poison resistance.
  1663 | D:2      | 1663 ||| READING scroll labelled TISTAS XOAGORE.
  1664 | D:2      | 1664 ||| READING scroll labelled NOUZOUSOPS.
  1665 | D:2      | 1665 ||| DROPPING 2 scrolls of immolation.
  1715 | D:3      | 1715 ||| PLANNING SEWER
  1718 | D:3      | 1718 ||| READING scroll of enchant armour.
  1718 | D:3      | 1718 ||| ENCHANTING +0 pair of gloves.
  1742 | D:3      | Reached XP level 4. HP: 18/25 MP: 6/6
  1899 | D:3      | Found a glowing drain.
  1912 | D:3      | 1912 ||| Stepping ~*~*~tactically~*~*~ (water).
  1919 | Sewer    | Entered a sewer
  1947 | Sewer    | Reached skill level 8 in Ranged Weapons
  2031 | Sewer    | Reached XP level 5. HP: 29/29 MP: 7/7
  2049 | Sewer    | 2049 ||| Stepping ~*~*~tactically~*~*~ (outnumbered).
  2050 | Sewer    | 2050 ||| Stepping ~*~*~tactically~*~*~ (outnumbered).
  2059 | Sewer    | HP: 6/29 [kobold brigand/+0 whip (5)]
  2063 | Sewer    | Reached skill level 9 in Ranged Weapons
  2252 | Sewer    | 2252 ||| Stepping ~*~*~tactically~*~*~ (outnumbered).
  2254 | Sewer    | 2254 ||| Stepping ~*~*~tactically~*~*~ (outnumbered).
  2526 | Sewer    | 2526 ||| READING scroll labelled YMEIREU UN NICAUC.
  2527 | Sewer    | 2527 ||| DRINKING 2 white potions.
  2528 | Sewer    | 2528 ||| DRINKING 2 metallic sapphire potions.
  2529 | Sewer    | 2529 ||| DRINKING 2 metallic grey potions.
  2530 | Sewer    | 2530 ||| DROPPING potion of invisibility.
  2556 | D:3      | 2556 ||| PLANNING D:1-11
  2592 | D:3      | Noticed an ogre
  2602 | D:3      | Killed an ogre
  2603 | D:3      | Reached XP level 6. HP: 17/35 MP: 8/8
  2875 | D:3      | 2875 ||| READING scroll labelled YWOPLU FIZO.
  2954 | D:4      | 2954 ||| FLEEEEING.
  2955 | D:4      | 2955 ||| FLEEEEING.
  2956 | D:4      | 2956 ||| STAIRDANCE
  3012 | D:4      | 3012 ||| STAIRDANCE
  3066 | D:4      | Reached skill level 10 in Ranged Weapons
  3166 | D:4      | Reached skill level 3 in Dodging
  3244 | D:4      | Found an iron altar of Okawaru.
  3245 | D:4      | 3245 ||| PLANNING OKAWARU WORSHIP
  3250 | D:4      | Reached skill level 1 in Armour
  3273 | D:4      | Became a worshipper of Warmaster Okawaru
  3274 | D:4      | 3274 ||| PLANNING D:1-11
  3460 | D:4      | Reached XP level 7. HP: 27/40 MP: 9/9
  3682 | D:4      | Found a sacrificial altar of Ru.
  3683 | D:4      | Found a broken altar of Ashenzari.
  3955 | D:4      | Reached skill level 11 in Ranged Weapons
  3990 | D:4      | 3990 ||| READING 4 scrolls of identify.
  3990 | D:4      | 3990 ||| IDENTIFYING cyan potion
  3991 | D:4      | 3991 ||| READING 3 scrolls of identify.
  3991 | D:4      | 3991 ||| IDENTIFYING fizzy puce potion
  3992 | D:4      | 3992 ||| READING 2 scrolls of identify.
  3992 | D:4      | 3992 ||| IDENTIFYING lumpy clear potion
  3993 | D:4      | 3993 ||| DROPPING potion of degeneration.
  4053 | D:5      | Entered Level 5 of the Dungeon
  4054 | D:5      | 4054 ||| PLANNING OSSUARY
  4250 | D:5      | Found a sand-covered staircase.
  4251 | D:5      | 4251 ||| UPGRADING to amulet of the acrobat.
  4256 | D:5      | 4256 ||| READING scroll labelled NILESY KOJYOSA.
  4263 | Ossuary  | Entered an ossuary
  4398 | Ossuary  | Reached * piety under Okawaru
  4468 | Ossuary  | Reached skill level 12 in Ranged Weapons
  4471 | Ossuary  | 4471 ||| INVOKING Heroism.
  4537 | Ossuary  | 4537 ||| READING scroll labelled DUHAFI QYHEI.
  4538 | Ossuary  | 4538 ||| READING scroll labelled BEUR LOAKIE.
  4541 | Ossuary  | 4541 ||| READING 2 scrolls of identify.
  4541 | Ossuary  | 4541 ||| IDENTIFYING green potion
  4553 | D:5      | 4553 ||| PLANNING D:1-11
  4830 | D:5      | Found a runed translucent door.
  4831 | D:5      | Noticed Crazy Yiuf
  4881 | D:5      | Found a blossoming altar of Fedhas.
  5135 | D:5      | 5135 ||| Stepping randomly (stuck).
  5170 | D:6      | 5170 ||| STAIRDANCE
  5174 | D:5      | HP: 6/38 [wight/+2 battleaxe (5)]
  5175 | D:5      | 5175 ||| DRINKING potion of heal wounds.
  5178 | D:5      | Reached XP level 8. HP: 35/43 MP: 10/10
  5179 | D:5      | 5179 ||| INVOKING Heroism.
  5188 | D:5      | HP: 10/43 [orc/+0 dagger (3)]
  5189 | D:5      | Reached skill level 3 in Fighting
  5380 | D:6      | 5380 ||| STAIRDANCE
  5384 | D:5      | HP: 8/46 [orc warrior/+0 short sword (5)]
  5389 | D:5      | HP: 7/46 [orc warrior/+0 short sword (2)]
  5390 | D:5      | HP: 1/46 [orc warrior/+0 short sword (3)]
  5390 | D:5      | Killed from afar by an orc wizard

Levels and vault maps discovered:
D:1:      scummos_arrival_star, layout_loops_ring,
          shapermc_ecumenical_altar_mp_highgroup, minmay_lizard_pond
D:2:      layout_basic, dk_noncrumbling_4, grunt_ministairs_11
D:3:      layout_rooms, cheibrodos_sewer_entry_drain
D:4:      layout_basic, okawaru_gym_becter, mainiacjoe_overflow_divided_tiny,
          kennysheep_nondescript
D:5:      layout_loops_cross, kennysheep_little_box,
          nicolae_ossuary_entry_ruins, minmay_misc_feat_five,
          uniq_crazy_yiuf_cottage
D:6:      layout_loops_ring

Skill      XL: |  1  2  3  4  5  6  7  8 |
---------------+-------------------------+-----
Ranged Weapons | 6 7 8 9 10 12 | 12.0
Fighting       | 2 3 |  3.2
Dodging        | 3 |  3.9
Armour         | 1 |  1.2
Stealth        | |  1.2
Invocations    | |  0.6

Action                     |  1- 3 |  4- 6 |  7- 9 || total
---------------------------+-------+-------+-------++-------
   Fire: Shortbow          |   123 |   196 |   181 ||   500
 Invoke: Heroism           |       |       |     2 ||     2
    Use: Scroll            |    10 |     2 |     7 ||    19
         Potion            |       |     3 |     1 ||     4
 Armour: Leather armour    |    10 |       |       ||    10
         Ring mail         |     5 |    37 |    51 ||    93
  Dodge: Dodged            |    45 |    56 |    73 ||   174

Table legend:
 A = Non-vault XP
 B = Vault XP
 C = Vault XP percentage of total XP
 D = Non-vault monster count
 E = Vault monster count
 F = Vault count percentage of total count
                 A         B        C        D         E       F
            +---------+---------+-------+---------+---------+-------
      Total |    1184 |     445 |  27.3 |      85 |      87 |  50.6
            +---------+---------+-------+---------+---------+-------
        D:1 |      30 |       8 |  21.1 |      16 |       8 |  33.3
        D:2 |      42 |       3 |   6.7 |      21 |       2 |   8.7
        D:3 |     171 |       4 |   2.3 |      20 |       2 |   9.1
        D:4 |     455 |       0 |   0.0 |      13 |       0 |   0.0
        D:5 |     416 |       0 |   0.0 |      14 |       0 |   0.0
        D:6 |      70 |       0 |   0.0 |       1 |       0 |   0.0
      Sewer |       0 |     237 | 100.0 |       0 |      45 | 100.0
    Ossuary |       0 |     193 | 100.0 |       0 |      30 | 100.0
            +---------+---------+-------+---------+---------+-------
